 Dungeon Crawl Stone Soup version 0.20.0-10-g0535bb4 (webtiles) character file.

158 miragecloak the Changer (level 5, -1/33 HPs)
             Began as an Octopode Transmuter on June 6, 2017.
             Slain by an orc (5 damage)
             ... on level 3 of the Dungeon.
             The game lasted 00:02:09 (2708 turns).

miragecloak the Changer (Octopode Transmuter)       Turns: 2708, Time: 00:02:10

Health: -1/33      AC:  2    Str: 10    XL:     5   Next: 39%
Magic:  3/8        EV: 20    Int: 15    God:
Gold:   118        SH:  0    Dex: 18    Spells: 4/8 levels left

rFire    . . .     SeeInvis .     - Unarmed
rCold    . . .     Gourm    .   (shield currently unavailable)
rNeg     . . .     Faith    .   (helmet currently unavailable)
rPois    x         Spirit   .   (no amulet)
rElec    .         Reflect  .   (no ring)
rCorr    .         Harm     .   (no ring)
MR       .....                  (no ring)
Stlth    ++........             (no ring)
Regen    0.2/turn               (no ring)
MPRegen  0.2/turn               (no ring)
                                (no ring)
                                (no ring)

@: spider-form
A: almost no armour, stealthy swim, (amphibious), 8 rings, (constrict 8)
a: End Transformation


You were on level 3 of the Dungeon.
You were not hungry.
You were a venomous arachnid creature.
You visited 1 branch of the dungeon, and saw 3 of its levels.

You collected 118 gold pieces.

Inventory:

Missiles
 a - 12 arrows
Scrolls
 g - 4 scrolls of identify {unknown}
 j - 3 scrolls of remove curse {unknown}
Potions
 e - a potion of haste {unknown}
 f - 2 potions of resistance {unknown}
 h - a potion of cancellation {unknown}
 k - a potion of lignification {unknown}
 l - a potion of magic {unknown}
 n - a potion of agility {unknown}
Books
 b - a book of Changes

   Spells                             Type                      Level
   a - Beastly Appendage              Transmutation                1
   b - Sticks to Snakes               Transmutation                2
   c - Spider Form                    Transmutation/Poison         3
   d - Ice Form                       Ice/Transmutation            4
   e - Blade Hands                    Transmutation                5
Comestibles
 c - 4 bread rations
 d - 4 meat rations
 i - a royal jelly


   Skills:
 - Level 1.0 Fighting
 - Level 2.0 Dodging
 - Level 3.0 Unarmed Combat
 - Level 2.0 Spellcasting
 + Level 4.4 Transmutations
 * Level 3.4 Poison Magic


You had 4 spell levels left.
You knew the following spells:

 Your Spells              Type           Power        Failure   Level  Hunger
a - Beastly Appendage     Tmut           ##....       12%         1    #......
b - Spider Form           Tmut/Pois      ##........   30%         3    ###....


Dungeon Overview and Level Annotations

Branches:
Dungeon (3/15)

Altars:


Innate Abilities, Weirdness & Mutations

You cannot wear most types of armour.
You are very stealthy in the water. (Stealth+)
((You are amphibious.))
You can wear up to eight rings at the same time.
((You can use your tentacles to constrict eight enemies at once.))
((Your skin changes colour to match your surroundings (Stealth+).))
((Your rubbery body absorbs attacks. (AC +1, EV +1)))


Message History

* * * LOW HITPOINT WARNING * * *
Your transformation has ended.
The orc hits you.
* * * LOW HITPOINT WARNING * * *
The orc barely misses you.
The orc sings a few bars from the Orcish anthem.
The orc misses you.
Casting: Spider Form
Confirm with . or Enter, or press ? or * to list all spells.
You turn into a venomous arachnid creature.
You hit the orc.
The orc is poisoned.
The orc is lightly wounded.
The orc hits you with a mace.
* * * LOW HITPOINT WARNING * * *
You hit the orc.
You kill the orc!
You bite the orc!
You kill the orc!
The orc hits you.
You die...

##. ...........###..#...#
.... #...#...#..##......#
#...##..........$#..###.##
#...............⌠#........
................$#.####...
#........#...#..##....#.##
.####..o.†)...###....#.##
#..#########.....#.##
#..os............#.##
########.........#...
#.........#...
#.............
#####.####.... #.# #....
#.# #.... #.# #.... #.#
##...


You could see an orc.

Vanquished Creatures
  2 orc priests (D:3)
  3 adders
  2 oozes
  A worm (D:2)
  A dart slug (D:1)
  3 leopard geckos
  2 orcs (D:3)
  2 giant cockroaches (D:2)
  4 hobgoblins
  4 jackals (D:2)
  A ball python (D:2)
  7 bats
  3 frilled lizards (D:2)
  7 goblins
  9 kobolds
  7 rats
58 creatures vanquished.

Notes
Turn   | Place    | Note
-------+----------+-------------------------------------------
     0 | D:1      | miragecloak the Octopode Transmuter began the quest for the Orb.
     0 | D:1      | Reached XP level 1. HP: 13/13 MP: 3/3
     2 | D:1      | Noticed a human
     2 | D:1      | Noticed a troll
     4 | D:1      | Noticed a gargoyle
     4 | D:1      | Noticed a vine stalker
     6 | D:1      | Noticed a minotaur
     6 | D:1      | Noticed a demonspawn
     8 | D:1      | Noticed an elf
    10 | D:1      | Noticed a halfling
    10 | D:1      | Noticed a merfolk
    12 | D:1      | Noticed a formicid
    12 | D:1      | Noticed a draconian
    14 | D:1      | Noticed a tengu
    16 | D:1      | Noticed a dwarf
    16 | D:1      | Noticed an octopode
    18 | D:1      | Noticed a felid
    18 | D:1      | Noticed a demigod
    20 | D:1      | Noticed a spriggan
    22 | D:1      | Noticed a naga
    24 | D:1      | Noticed an ogre
    24 | D:1      | Noticed a centaur
    26 | D:1      | Noticed a vampire
    26 | D:1      | Noticed a ghoul
   206 | D:1      | Reached XP level 2. HP: 12/18 MP: 3/5
   583 | D:1      | Reached skill level 3 in Transmutations
  1035 | D:1      | Reached XP level 3. HP: 17/23 MP: 4/6
  1327 | D:2      | Learned a level 3 spell: Spider Form
  1345 | D:2      | Reached skill level 1 in Poison Magic
  1796 | D:2      | Reached XP level 4. HP: 25/28 MP: 2/7
  2456 | D:3      | Reached skill level 4 in Transmutations
  2691 | D:3      | Reached XP level 5. HP: 27/33 MP: 4/8
  2708 | D:3      | Slain by an orc

Skill      XL: |  1  2  3  4 |
---------------+-------------+-----
Transmutations | 3 4 |  4.4
Poison Magic   | 1 3 |  3.4
Fighting       | |  1.0
Dodging        | |  2.0
Unarmed Combat | |  3.0
Spellcasting   | |  2.0

Action                   |  1- 3 |  4- 6 || total
-------------------------+-------+-------++-------
Melee: Unarmed           |    93 |    48 ||   141
       Constrict         |    19 |     3 ||    22
       Kick              |    17 |       ||    17
       Tentacles         |     8 |     3 ||    11
       Punch             |     1 |       ||     1
 Cast: Beastly Appendage |    28 |       ||    28
       Spider Form       |     4 |     8 ||    12
 Stab: Sleeping          |     1 |       ||     1
  Eat: Chunk             |     3 |     5 ||     8
Armor: Skin              |    14 |     2 ||    16
Dodge: Dodged            |    77 |    43 ||   120
